 Dungeon Crawl Stone Soup version 0.23-a0-494-g91793a9 (webtiles) character file.

6707 Blackhawk the Grappler (level 10, -17/150 HPs)
             Began as a Troll Monk on Dec 3, 2018.
             Was a Priest of Ru.
             Demolished by Snorg (21 damage)
             ... on level 10 of the Dungeon.
             The game lasted 00:24:15 (9005 turns).

Blackhawk the Grappler (Troll Monk)                 Turns: 9005, Time: 00:24:16

Health: -17/150    AC:  7    Str: 27    XL:     10   Next: 74%
Magic:  9/9        EV: 13    Int:  6    God:    Ru [***...]
Gold:   311        SH:  0    Dex: 14    Spells: 9/9 levels left

rFire    + . .     SeeInvis .     - Unarmed
rCold    x . .     Gourm    +   (no shield)
rNeg     . . .     Faith    .   b - +0 robe
rPois    +         Spirit   .   (helmet restricted)
rElec    .         Reflect  .   l - +1 cloak
rCorr    .         Harm     .   (gloves unavailable)
MR       .....                  (boots unavailable)
Stlth    ..........             (no amulet)
HPRegen  0.75/turn              q - ring of poison resistance
MPRegen  0.11/turn              z - ring of fire

@: berserking, lethally poisoned (-17 -> -17), very quick
A: large, unfitting armour, claws 3, fast metabolism 3, gourmand, regeneration
1, shaggy fur 1, tough skin 2, no air magic, no hexes magic, no summoning magic,
unskilled 1
a: Draw Out Power, Renounce Religion


You were on level 10 of the Dungeon.
You worshipped Ru.
Ru was most pleased with you.
You were completely stuffed.

You visited 2 branches of the dungeon, and saw 11 of its levels.

You collected 353 gold pieces.
You spent 42 gold pieces at shops.

Inventory:

Hand Weapons
 a - a +0 hunting sling
 n - the +11 hunting sling "Omeopigu" {velocity, rPois rC+}
   (You found it on level 4 of the Dungeon)

   Any stone fired from it inflicts extra damage.
   It protects you from cold.
   It protects you from poison.
Missiles
 c - 228 stones (quivered)
 f - 62 sling bullets
Armour
 b - a +0 robe (worn)
 l - a +1 cloak (worn)
Jewellery
 d - an uncursed ring of positive energy {unknown}
 q - a ring of poison resistance (left claw)
 x - an uncursed ring of wizardry
 z - a ring of fire (right claw)
 A - an uncursed ring of resist corrosion {unknown}
 B - an uncursed ring of see invisible
 C - a cursed -2 ring of strength {unknown}
Wands
 H - a wand of random effects (45)
 J - a wand of scattershot (6)
Scrolls
 h - a scroll of noise {unknown}
 i - 4 scrolls of teleportation {unknown}
 j - 5 scrolls of immolation {unknown}
 o - 4 scrolls of remove curse {unknown}
 s - a scroll of magic mapping {unknown}
 t - a scroll of blinking {unknown}
 u - 3 scrolls of fear
 w - a scroll of enchant weapon {unknown}
 y - 2 scrolls of random uselessness {unknown}
 D - 3 scrolls of identify
 F - 4 scrolls of enchant armour {unknown}
 G - a scroll of brand weapon {unknown}
Potions
 e - 7 potions of curing
 k - 2 potions of heal wounds {unknown}
 m - 2 potions of berserk rage
 p - 2 potions of agility
 r - a potion of mutation {unknown}
 v - a potion of resistance {unknown}
 E - 2 potions of might {unknown}
Comestibles
 g - 23 rations
 I - 9 chunks of flesh


   Skills:
 + Level 6.7 Fighting
 + Level 4.8 Slings
 + Level 6.8 Dodging
 - Level 1.3 Stealth
 + Level 8.2 Unarmed Combat


You had 9 spell levels left.
You didn't know any spells.
Your spell library was empty.

Dungeon Overview and Level Annotations

Branches:
Dungeon (10/15)            Temple (1/1) D:7
   Lair: D:8-11         Orc: D:9-12

Altars:
Ashenzari
Cheibriados
Dithmenos
Elyvilon
Gozag
Hepliaklqana
Kikubaaqudgha
Nemelex Xobeh
Okawaru
Qazlal
Ru
Sif Muna
Trog
Uskayaw
Vehumet
Wu Jian
Xom
Yredelemnul
Zin
The Shining One

Shops:
D:9 *   D:10 ?=:

Annotations:
D:10 3 runed doors, exclusions: yak and 1 more exclusion, Fannar; Snorg; Toan's ghost, novice MfMo


Innate Abilities, Weirdness & Mutations

You are too large for most types of armour.
You have claws for hands.
Your metabolism is lightning-fast.
You like to eat raw meat.
Your natural rate of healing is unusually fast.
You are covered in fur. (AC +1)
You have very tough skin. (AC +2)
You cannot study or cast Air magic.
You cannot study or cast Hexes magic.
You cannot study or cast Summoning magic.
You are somewhat unskilled. (-1 Apt)


Message History

You closely miss Snorg.
Snorg is lightly wounded.
Snorg barely misses you. Snorg claws you! Snorg closely misses you.
A red film seems to cover your vision as you go berserk!
You feel yourself moving faster!
You feel mighty!
You feel sick. Snorg bites you!! Snorg claws you!
You focus your will and illuminate Snorg in retribution!
Snorg claws you.
* * * LOW HITPOINT WARNING * * *
Snorg closely misses you. Snorg claws you!
* * * LOW HITPOINT WARNING * * *
Snorg claws you but does no damage.
You claw Snorg! Your claw misses Snorg.
Snorg is lightly wounded.
Snorg bites you!!
* * * LOW HITPOINT WARNING * * *
Snorg claws you!
* * * LOW HITPOINT WARNING * * *
Snorg claws you!!
You die...

Y.........#....
.>.................≈≈
..........#.........≈.
..........#.#....≈.≈..
......#.#.#.#....≈≈≈≈. .
...$$............≈.≈ ...
#######............ .≈≈
.....#########.#...##.#.♣≈♣≈≈≈
#.......ooYT@......)....≈.≈≈
#.############...###(#.#..#
#..## #(#.#.# ######..#
#.#...# ........####....#
######.∩........#
........####...## ######..#
#...# #..# #...#


You could see Snorg (berserk), an orc warrior, a sky beast and an orc.

Vanquished Creatures
  Urug (D:10)
  Joseph (D:6)
  Maurice (D:9)
  A queen bee (D:8)
  2 hornets
  2 hippogriffs
  A steam dragon (D:10)
  A soldier ant (D:10)
  A water moccasin (D:6)
  A black bear (D:9)
  An orc warrior (D:6)
  An ice beast (D:7)
  A sky beast (D:9)
  A phantom (D:10)
  5 ogres
  4 centaurs
  A crocodile (D:10)
  A big kobold (D:9)
  9 bullfrogs
  A wyvern skeleton (D:7)
  2 scorpions
  16 killer bees
  3 wights (D:10)
  A jelly (D:10)
  2 bullfrog zombies
  6 crimson imps
  3 hounds
  4 orc priests
  A centaur skeleton (D:4)
  3 iguanas
  5 orc wizards
  10 worker ants
  A hound skeleton (D:10)
  12 gnolls
  4 adders
  2 oozes (D:1)
  3 worms
  2 dart slugs
  5 leopard geckos
  25 orcs
  A ball python (D:1)
  12 bats
  4 giant cockroaches
  7 goblins
  4 hobgoblins
  6 jackals
  10 kobolds
  5 quokkas
  A frilled lizard (D:3)
  A leopard gecko zombie (D:5)
  2 rats (D:3)
200 creatures vanquished.

Notes
Turn   | Place    | Note
-------+----------+-------------------------------------------
     0 | D:1      | Blackhawk the Troll Monk began the quest for the Orb.
     0 | D:1      | Reached XP level 1. HP: 22/22 MP: 0/0
    98 | D:1      | Reached XP level 2. HP: 29/29 MP: 1/1
   816 | D:2      | Reached XP level 3. HP: 36/36 MP: 2/2
  1223 | D:2      | Found a shattered altar of Ashenzari.
  1225 | D:2      | Found a deep blue altar of Sif Muna.
  1225 | D:2      | Found a glowing golden altar of the Shining One.
  1225 | D:2      | Found a glowing silver altar of Zin.
  1422 | D:3      | Reached XP level 4. HP: 44/44 MP: 3/3
  1543 | D:3      | Noticed a centaur
  1577 | D:3      | Killed a centaur
  1577 | D:3      | Reached skill level 4 in Unarmed Combat
  1577 | D:3      | Reached XP level 5. HP: 45/53 MP: 4/4
  2291 | D:4      | Got a translucent hunting sling
  2318 | D:4      | Identified the +11 hunting sling "Omeopigu" {velocity,
                  | rPois rC+} (You found it on level 4 of the Dungeon)
  2490 | D:4      | Reached XP level 6. HP: 60/61 MP: 5/5
  2601 | D:4      | Found a radiant altar of Vehumet.
  3084 | D:5      | Entered Level 5 of the Dungeon
  3311 | D:5      | Reached skill level 1 in Slings
  3392 | D:5      | Reached XP level 7. HP: 60/70 MP: 6/6
  3404 | D:5      | Reached skill level 5 in Unarmed Combat
  4125 | D:6      | Found an ancient bone altar of Kikubaaqudgha.
  4264 | D:6      | Reached XP level 8. HP: 69/79 MP: 7/7
  4828 | D:6      | Reached skill level 6 in Unarmed Combat
  4864 | D:6      | Reached skill level 5 in Fighting
  4864 | D:6      | Reached skill level 5 in Dodging
  4930 | D:7      | Noticed Joseph
  5000 | D:7      | Found a staircase to the Ecumenical Temple.
  5134 | D:6      | Killed Joseph
  5254 | Temple   | Entered the Ecumenical Temple
  5447 | Temple   | Became a worshipper of Ru the Awakened
  5458 | Temple   | Gained mutation: You cannot study or cast Air magic. [Ru
                  | sacrifice]
  5458 | Temple   | Gained mutation: You cannot study or cast Hexes magic. [Ru
                  | sacrifice]
  5458 | Temple   | Gained mutation: You cannot study or cast Summoning magic.
                  | [Ru sacrifice]
  5458 | Temple   | Reached * piety under Ru
  5548 | D:7      | Reached XP level 9. HP: 88/88 MP: 8/8
  5796 | D:7      | Reached skill level 7 in Unarmed Combat
  5973 | D:7      | Found a stormy altar of Qazlal.
  6148 | D:8      | Noticed a queen bee
  6421 | D:8      | Found a hazy altar of Hepliaklqana.
  6539 | D:8      | Found an iron altar of Okawaru.
  6718 | D:8      | Killed a queen bee
  6912 | D:8      | Found a white marble altar of Elyvilon.
  6912 | D:8      | Found a shimmering altar of Xom.
  7406 | D:9      | Paralysed by a hornet for 2 turns
  7409 | D:9      | Reached skill level 8 in Unarmed Combat
  7481 | D:9      | Reached XP level 10. HP: 100/100 MP: 9/9
  7720 | D:9      | Gained mutation: You are somewhat unskilled. (-1 Apt) [Ru
                  | sacrifice]
  7720 | D:9      | Reduced skill Unarmed Combat to level 7
  7720 | D:9      | Reached ** piety under Ru
  7720 | D:9      | Reached *** piety under Ru
  7795 | D:9      | Found a basalt altar of Yredelemnul.
  7803 | D:9      | Found Cuesk's General Store.
  8192 | D:10     | Entered Level 10 of the Dungeon
  8235 | D:10     | Noticed Maurice
  8277 | D:9      | Killed Maurice
  8413 | D:10     | Found Lour's Magic Scroll Shop.
  8420 | D:10     | Bought a scroll of fear for 42 gold pieces
  8451 | D:10     | Found a runed gate.
  8451 | D:10     | Found a runed gate.
  8451 | D:10     | Found a runed gate.
  8451 | D:10     | Noticed Toan's ghost (novice MfMo)
  8721 | D:10     | Found Beppani's Jewellery Emporium.
  8783 | D:10     | Found Daisk's Book Shop.
  8791 | D:10     | Reached skill level 8 in Unarmed Combat
  8795 | D:10     | Noticed Urug
  8824 | D:10     | Killed Urug
  8973 | D:10     | Noticed Fannar
  8985 | D:10     | Noticed Snorg
  9005 | D:10     | HP: 4/150 [Snorg (9)]
  9005 | D:10     | Demolished by Snorg

Vault maps used:
D:1:      dpeg_arrival_ternary, serial_bayou_lagoon_a
D:2:      grunt_temple_overflow_open
D:4:      fiery_altar_vehumet, first_ration
D:5:      chequers_serial_rivers_small_a
D:6:      nicolae_overflow_crystal_walls, minmay_misc_feat_rows,
          kennysheep_generic_room_7
D:7:      temple_green, nicolae_qazlal_eye_of_the_storm, uniq_joseph
D:8:      kennysheep_okawaru_gauntlet, gammafunk_temple_overflow_wave,
          basic_altar, david_nohive_1
D:9:      overflow_temple_1_default, serial_shops, shop_statue
D:10:     biasface_ghost_orc_armoury, serial_shops, shop, shop,
          nicolae_shop_crystal, shop, nicolae_shop_statue_plus, serial_rivers,
          chequers_serial_rivers_room_b, chequers_serial_rivers_micro_c,
          chequers_serial_rivers_large_a, chequers_serial_rivers_marsh,
          uniq_urug, uniq_maurice, uniq_fannar, uniq_gastronok, uniq_snorg
Temple:   minmay_temple_forest_path

Skill      XL: |  1  2  3  4  5  6  7  8  9 10 |
---------------+-------------------------------+-----
Fighting       | 3 4 5 6 |  6.7
Dodging        | 3 4 5 6 |  6.8
Unarmed Combat | 4 5 6 8 8 |  8.2
Slings         | 1 2 3 4 |  4.8
Stealth        | |  1.3

Action                   |  1- 3 |  4- 6 |  7- 9 | 10-12 || total
-------------------------+-------+-------+-------+-------++-------
Melee: Unarmed           |    99 |   127 |   318 |   185 ||   729
       Punch             |     2 |     4 |    12 |     7 ||    25
Invok: Sacrifice Arcana  |       |       |     1 |       ||     1
       Sacrifice Skill   |       |       |       |     1 ||     1
  Use: Scroll            |       |     1 |     3 |       ||     4
       Potion            |       |       |     1 |     2 ||     3
 Stab: Sleeping          |     2 |     6 |     1 |     1 ||    10
       Invisible         |       |       |       |     2 ||     2
       Distracted        |       |       |       |     1 ||     1
  Eat: Chunk             |    19 |    18 |    37 |    14 ||    88
Armor: Robe              |    46 |    37 |    86 |    28 ||   197
Dodge: Dodged            |    68 |    72 |   250 |   102 ||   492

Table legend:
 A = Non-vault XP
 B = Vault XP
 C = Vault XP percentage of total XP
 D = Non-vault monster count
 E = Vault monster count
 F = Vault count percentage of total count
                 A         B        C        D         E       F
            +---------+---------+-------+---------+---------+-------
      Total |    6608 |    2974 |  31.0 |     183 |      17 |   8.5
            +---------+---------+-------+---------+---------+-------
        D:1 |      39 |       0 |   0.0 |      15 |       0 |   0.0
        D:2 |      47 |       0 |   0.0 |      16 |       0 |   0.0
        D:3 |     244 |       0 |   0.0 |      27 |       0 |   0.0
        D:4 |     232 |       0 |   0.0 |       8 |       0 |   0.0
        D:5 |     365 |       0 |   0.0 |      18 |       0 |   0.0
        D:6 |    1028 |     590 |  36.5 |      22 |       2 |   8.3
        D:7 |     735 |     125 |  14.5 |      14 |       2 |  12.5
        D:8 |     611 |     939 |  60.6 |      11 |      11 |  50.0
        D:9 |    1516 |     480 |  24.0 |      23 |       1 |   4.2
       D:10 |    1791 |     840 |  31.9 |      29 |       1 |   3.3
            +---------+---------+-------+---------+---------+-------
